 Dungeon Crawl Stone Soup version 0.20.1-1-g8b1a95d (webtiles) character file.

10780 letownia2 the Cleaver (level 11, -11/97 HPs)
             Began as a Deep Dwarf Necromancer on Dec 27, 2017.
             Was an Initiate of Gozag.
             Mangled by a spiny frog (15 damage)
             ... on level 1 of the Lair of Beasts.
             The game lasted 00:36:05 (10159 turns).

letownia2 the Cleaver (Deep Dwarf Necromancer)     Turns: 10159, Time: 00:36:06

Health: -11/97     AC: 11    Str: 14    XL:     11   Next: 40%
Magic:  17/17      EV: 11    Int: 17    God:    Gozag
Gold:   842        SH:  5    Dex: 13    Spells: 10/18 levels left

rFire    + . .     SeeInvis .   o - +10 hand axe of Fury {vamp, rF+ MR+}
rCold    . . .     Gourm    .   Q - +0 buckler
rNeg     . . .     Faith    .   P - +1 scale mail
rPois    .         Spirit   .   (no helmet)
rElec    .         Reflect  .   (no cloak)
rCorr    .         Harm     .   E - +0 pair of gloves
MR       ++...                  (no boots)
Stlth    +.........             (no amulet)
Regen    0.0/turn               R - +1 ring of protection
MPRegen  0.2/turn               r - +1 ring of evasion

@: lethally poisoned (-11 -> -11), non-regenerating
A: damage resistance, heal wounds, sense surroundings 2, no regeneration
a: Heal Wounds, Potion Petition, Call Merchant, Bribe Branch, Renounce Religion


You were on level 1 of the Lair of Beasts.
You worshipped Gozag.
Gozag was pleased with you.
You were not hungry.

You visited 3 branches of the dungeon, and saw 13 of its levels.

You collected 2355 gold pieces.
You spent 114 gold pieces at shops.
You paid 1399 gold pieces to Gozag.

Inventory:

Hand Weapons
 a - a +4 battleaxe
 o - the +10 hand axe of Fury (weapon) {vamp, rF+ MR+}
   (You found it on level 4 of the Dungeon)

   It inflicts no extra harm, but heals its wielder when it wounds a living foe.
   It protects you from fire.
   It affects your resistance to hostile enchantments.
 w - the +7 great mace "Firestarter" {inner flame, rF++}
   (You found it on level 10 of the Dungeon)

   It has been specially enchanted to burn those struck by it, causing extra
   injury to most foes and up to half again as much damage against particularly
   susceptible opponents.
   It greatly protects you from fire.
 J - the +4 Vampire's Tooth {vamp}
   (You found it on level 5 of the Dungeon)

   It inflicts no extra harm, but heals its wielder when it wounds a living foe.
 T - a +0 hand crossbow
Missiles
 j - 59 bolts
 l - 2 throwing nets (quivered)
Armour
 b - a +2 leather armour of fire resistance
 y - the +1 leather armour "Veojiv" {rN+ rCorr Int+4 Dex+4, unknown}
   (You found it on level 10 of the Dungeon)

   It affects your intelligence (+4).
   It affects your dexterity (+4).
   It protects you from negative energy.
   It protects you from acid and corrosion.
 E - a +0 pair of gloves (worn)
 P - a +1 scale mail (worn)
 Q - a +0 buckler (worn)
Jewellery
 r - a +1 ring of evasion (right hand)
 H - a +1 ring of protection
 R - a +1 ring of protection (left hand)
Wands
 d - a wand of scattershot (0/9)
 e - a wand of enslavement (0/24)
 M - a wand of polymorph (4/24)
Scrolls
 f - 2 scrolls of enchant armour
 g - 3 scrolls of enchant weapon {unknown}
 i - 13 scrolls of identify
 p - 2 scrolls of acquirement {unknown}
 t - 2 scrolls of amnesia {unknown}
 u - 2 scrolls of immolation
 v - 3 scrolls of teleportation
 x - 4 scrolls of remove curse
 A - 4 scrolls of fear {unknown}
 C - 2 scrolls of holy word {unknown}
 F - a scroll of brand weapon {unknown}
 I - a scroll of vulnerability {unknown}
 O - a scroll of recharging {unknown}
 S - a scroll of fog {unknown}
 V - 2 scrolls of magic mapping
Potions
 h - 3 potions of brilliance {unknown}
 k - 3 potions of heal wounds {unknown}
 m - 3 potions of flight
 q - a potion of ambrosia {unknown}
 s - a potion of lignification
 z - a potion of cancellation
 B - a potion of berserk rage
 D - 4 potions of curing
 L - a potion of haste
 U - a potion of invisibility {unknown}
 X - a potion of agility {unknown}
 Y - a potion of mutation {unknown}
Books
 n - a book of Beasts

   Spells                             Type                      Level
   a - Summon Butterflies             Summoning                    1
   b - Call Canine Familiar           Summoning                    3
   c - Summon Ice Beast               Ice/Summoning                4
   d - Summon Mana Viper              Hexes/Summoning              5
   e - Summon Hydra                   Summoning                    7
Comestibles
 c - 4 bread rations
 G - a fruit


   Skills:
 + Level 6.0 Fighting
 * Level 12.9 Axes
 - Level 6.5 Armour
 - Level 2.1 Dodging
 - Level 2.4 Stealth
 - Level 3.3 Shields
 + Level 4.4 Spellcasting
 + Level 9.2 Necromancy
 + Level 4.2 Evocations


You had 10 spell levels left.
You knew the following spells:

 Your Spells              Type           Power        Failure   Level  Hunger
a - Pain                  Necr           ####         1%          1    None
b - Call Canine Familiar  Summ           #.......     87%         3    ###....
d - Confusing Touch       Hex            #.....       52%         1    None
v - Vampiric Draining     Necr           #####.....   4%          3    ###....


Dungeon Overview and Level Annotations

Branches:
Dungeon (11/15)            Temple (1/1) D:5            Lair (1/6) D:10
    Orc: D:9-12

Altars:
Ashenzari
Cheibriados
Elyvilon
Fedhas
Gozag
Hepliaklqana
Kikubaaqudgha
Makhleb
Nemelex Xobeh
Okawaru
Qazlal
Ru
Sif Muna
Trog
Uskayaw
Vehumet
Xom
Yredelemnul
Zin
The Shining One

Shops:
D:5 !   D:7 *   D:8 ?   D:10 *

Annotations:
D:5 Miyamura's ghost, novice DsCK
D:10 p0werm0de's ghost, novice DDFi


Innate Abilities, Weirdness & Mutations

You are resistant to damage.
You can heal yourself by infusing magical energy.
You passively map the area around you.
You do not regenerate.


Message History

Evoking this partially-identified wand wasted a few charges.
Unknown command.
What are your orders? t - Shout!
Orders for allies: a - Attack new target. p - Attack previous target. r - Retreat! s - Stop attacking. g - Guard the area. f - Follow me.
Anything else - Cancel.
Retreat in which direction?
Press: ? - help, Dir - move target cursor, p - spiny frog Fall back!
A spiny frog comes into view.
The spiny frog completely misses you.
Evoke which item? (* to show all) (? for menu, Esc to quit)
Aiming: Enslavement (will waste charges)
Press: ? - help, Shift-Dir - straight line, f - spiny frog
Aim: a spiny frog (chance to defeat MR: 58%) Nothing appears to happen.
The spiny frog stings you!
You die...
Your body crumbles into a pile of gold.

, ,..* #. ,# * , ,
.F####.##.#* .. ,
..........####.#,
** , ,
........#....... ,
................. ,
, ,
,.................,
, ........#...#P...
* .......<#.#..P..#
,* **
..P.....@.......P *
.......PF≈≈......,
* ,
###.%..≈≈≈≈.P....,,
, , ,
.....P≈≈≈≈≈PP(.. ,,
*, ,,,
....#.≈≈≈≈≈≈≈≈... ,
* **
#####≈≈≈≈≈≈≈≈≈.≈. ,
* , ≈.≈.≈≈≈≈≈≈≈P. ,
* ##....≈≈≈≈≈≈.., *
, *, * ,, , ,,,, ,,


You could see a spiny frog and a friendly spiny frog (unaware).

Vanquished Creatures
  2 centaur warriors
  2 two-headed ogres
  The ghost of xight the Thaumaturge, a journeyman DEFE of Vehumet (D:11)
  An ugly thing (D:10)
  A deep elf mage (D:9)
  A cyclops (D:10)
  A komodo dragon (D:10)
  2 trolls
  Grinder (D:3)
  A hornet (D:10)
  2 hippogriffs
  A wyvern (D:9)
  A yak (D:9)
  A water moccasin (D:10)
  A sky beast (D:10)
  An orc warrior (D:7)
  3 ice beasts
  7 ogres
  7 centaurs
  4 bullfrogs
  A wyvern zombie (D:10)
  2 scorpions
  6 killer bees (D:8)
  8 wights
  2 vampire bats (D:5)
  2 howler monkeys (D:10)
  3 crimson imps
  A centaur zombie (D:7)
  7 hounds
  An orc priest (D:5)
  6 jellies
  A bullfrog skeleton (D:8)
  3 centaur skeletons
  6 orc wizards
  A gnoll shaman (D:3)
  Jessica (D:3)
  An iguana (D:7)
  6 worker ants
  A killer bee zombie (D:6)
  A worker ant zombie (D:11)
  14 gnolls
  A howler monkey skeleton (D:6)
  10 adders
  2 shadow imps (D:11)
  14 oozes
  2 adder zombies (D:5)
  3 worms
  A dart slug (D:3)
  4 leopard geckos
  25 orcs
  3 ball pythons
  6 giant cockroaches
  13 goblins
  8 hobgoblins
  21 jackals
  12 kobolds
  5 quokkas
  19 bats
  9 frilled lizards
  A leopard gecko skeleton (D:6)
  A quokka skeleton (D:4)
  11 rats
  A fungus (D:2)
287 creatures vanquished.

Vanquished Creatures (others)
  2 plants (D:10)
  11 toadstools (D:2)
13 creatures vanquished.

Grand Total: 300 creatures vanquished

Notes
Turn   | Place    | Note
-------+----------+-------------------------------------------
     0 | D:1      | letownia2 the Deep Dwarf Necromancer began the quest for the Orb.
     0 | D:1      | Reached XP level 1. HP: 15/15 MP: 3/3
   213 | D:3      | Noticed a bullfrog
   268 | D:2      | Reached XP level 2. HP: 10/22 MP: 3/5
   387 | D:2      | Reached skill level 5 in Necromancy
   485 | D:2      | Reached XP level 3. HP: 13/28 MP: 1/6
   490 | D:2      | Learned a level 3 spell: Vampiric Draining
   927 | D:4      | Reached XP level 4. HP: 28/36 MP: 0/7
  1037 | D:4      | Got a smoking hand axe
  1078 | D:4      | Found a sacrificial altar of Ru.
  1365 | D:4      | Learned a level 1 spell: Confusing Touch
  1382 | D:4      | Reached XP level 5. HP: 10/42 MP: 6/8
  1843 | D:5      | Entered Level 5 of the Dungeon
  1856 | D:5      | Noticed Miyamura's ghost (novice DsCK)
  2161 | D:5      | Found a staircase to the Ecumenical Temple.
  2169 | Temple   | Entered the Ecumenical Temple
  2244 | Temple   | Became a worshipper of Gozag Ym Sagoz the Greedy
  2287 | D:5      | Found Sipearph's Distillery.
  2290 | D:5      | Bought a potion of degeneration for 12 gold pieces
  2290 | D:5      | Bought a potion of berserk rage for 60 gold pieces
  2542 | D:5      | Noticed a centaur
  2646 | D:4      | Identified the +10 hand axe of Fury {vamp, rF+ MR+} (You found it on level 4 of the Dungeon)
  2648 | D:3      | Found a white marble altar of Elyvilon.
  2648 | D:3      | Noticed Jessica
  2656 | D:3      | Reached skill level 2 in Axes
  2656 | D:3      | Reached XP level 6. HP: 26/50 MP: 11/11
  2660 | D:3      | Killed Jessica
  2748 | D:3      | Reached skill level 3 in Axes
  2941 | D:3      | Noticed Grinder
  2952 | D:3      | Killed Grinder
  2952 | D:3      | Reached skill level 5 in Axes
  2952 | D:3      | Reached XP level 7. HP: 41/56 MP: 12/12
  3380 | D:2      | Reached skill level 6 in Axes
  4399 | D:4      | Reached skill level 1 in Fighting
  4581 | D:5      | Reached skill level 7 in Axes
  4581 | D:5      | Reached XP level 8. HP: 67/67 MP: 13/13
  5480 | D:6      | Found a sparkling altar of Nemelex Xobeh.
  5714 | D:7      | Found a snail-covered altar of Cheibriados.
  5763 | D:7      | Found a flagged portal.
  5882 | D:7      | Found a stormy altar of Qazlal.
  5905 | D:7      | Reached skill level 1 in Evocations
  6105 | D:7      | Reached skill level 1 in Shields
  6492 | D:8      | Reached skill level 8 in Axes
  6503 | D:8      | Noticed a hippogriff
  6510 | D:8      | Killed a hippogriff
  6510 | D:8      | Gained mutation: You passively map the area around you. [Deep Dwarf growth]
  6510 | D:8      | Reached XP level 9. HP: 67/74 MP: 14/14
  6563 | D:8      | Reached skill level 1 in Armour
  6593 | D:8      | Noticed a two-headed ogre
  6604 | D:8      | Killed a two-headed ogre
  6604 | D:8      | Reached skill level 5 in Armour
  6902 | D:8      | Got a pitted leather armour
  6938 | D:8      | Found Vaveugi's Magic Scroll Emporium.
  6942 | D:8      | Bought a scroll of magic mapping for 42 gold pieces
  6954 | D:8      | Identified the +1 leather armour of Poor Excuses {Str+5 Dex-2 Stlth+} (You found it on level 8 of the Dungeon)
  7068 | D:8      | Identified Otocw's Compendium of Darkness and Stones
  7352 | D:9      | Reached skill level 9 in Axes
  7366 | D:9      | Noticed a two-headed ogre
  7381 | D:9      | Killed a two-headed ogre
  7381 | D:9      | Reached XP level 10. HP: 57/81 MP: 15/15
  7387 | D:9      | Noticed a centaur warrior
  7388 | D:9      | Noticed a deep elf mage
  7405 | D:9      | Killed a deep elf mage
  7405 | D:9      | Reached skill level 10 in Axes
  7406 | D:9      | Killed a centaur warrior
  7423 | D:9      | Reached skill level 11 in Axes
  7443 | D:9      | Found an opulent altar of Gozag.
  7804 | D:9      | Learned a level 3 spell: Call Canine Familiar
  8462 | D:10     | Entered Level 10 of the Dungeon
  8593 | D:10     | Noticed a cyclops
  8605 | D:10     | Killed a cyclops
  8605 | D:10     | Reached skill level 5 in Fighting
  8648 | D:10     | Reached skill level 12 in Axes
  8666 | D:10     | Noticed p0werm0de's ghost (novice DDFi)
  8684 | D:10     | Reached XP level 11. HP: 84/96 MP: 16/16
  8959 | D:10     | Found a staircase to the Lair.
  8965 | D:10     | Got a distressingly furry leather armour
  8986 | D:10     | Noticed a white ugly thing
  9026 | D:10     | Killed a white ugly thing
  9361 | D:11     | Noticed xight's ghost (journeyman DEFE)
  9878 | D:11     | Noticed a centaur warrior
  9882 | D:11     | Noticed a four-headed hydra
  9894 | D:11     | Killed a centaur warrior
 10042 | D:11     | Killed xight's ghost
 10140 | Lair:1   | Entered Level 1 of the Lair of Beasts
 10152 | Lair:1   | HP: 4/97 [poisoned by a spiny frog]
 10159 | Lair:1   | Mangled by a spiny frog

Skill      XL: |  1  2  3  4  5  6  7  8  9 10 11 |
---------------+----------------------------------+-----
Spellcasting   | 2 3 4 |  4.4
Necromancy     | 5 6 7 8 9 |  9.2
Axes           | 2 5 7 8 9 12 | 12.9
Fighting       | 2 5 6 |  6.0
Evocations     | 3 4 |  4.2
Shields        | 3 |  3.3
Armour         | 6 |  6.5
Dodging        | |  2.1
Stealth        | |  2.4

Action                   |  1- 3 |  4- 6 |  7- 9 | 10-12 || total
-------------------------+-------+-------+-------+-------++-------
Melee: Unarmed           |     9 |       |       |       ||     9
       Dagger            |    14 |    86 |       |       ||   100
       Hand axe          |       |    57 |   366 |   257 ||   680
Throw: Throwing net      |       |       |       |     2 ||     2
 Cast: Pain              |    49 |    37 |    15 |     4 ||   105
       Vampiric Draining |     5 |    18 |       |     7 ||    30
       Confusing Touch   |       |     1 |       |       ||     1
Invok: Call Merchant     |       |       |     1 |     1 ||     2
Evoke: Wand              |       |       |     1 |     5 ||     6
  Use: Scroll            |       |       |    10 |     2 ||    12
       Potion            |       |       |       |     1 ||     1
 Stab: Sleeping          |     1 |     1 |       |       ||     2
       Distracted        |       |       |     1 |       ||     1
  Eat: Chunk             |     1 |     7 |       |       ||     8
       Meat ration       |       |     1 |     2 |     2 ||     5
       Fruit             |       |     1 |     1 |       ||     2
       Bread ration      |       |       |     1 |       ||     1
Armor: Leather armour    |    12 |    37 |       |       ||    49
       Ring mail         |       |       |    71 |       ||    71
       Scale mail        |       |       |    13 |    77 ||    90
Dodge: Dodged            |    40 |   115 |   189 |   110 ||   454
Block: Buckler           |       |       |    19 |    42 ||    61
